Map: Dasan Station LE

Players

viOLet

  • Race: Zerg Zerg

ByuN - Winner!

  • Race: Terran Terran

Event: 2016 WCS Global Finals

VOD

https://youtu.be/5hKEnXNvYaw

Description

Time

  • Played on: Oct. 28, 2016, 12:04 p.m.
  • Length: 6:19

All games in this series

Show
View Real Time Build Order
Export as new Build Order

viOLet Zerg 

Build Orders: Pool First 

Get SALT Encoding   

  12  0:00  Drone  
  13  0:12  Overlord  
  13  0:17  Drone  
  14  0:31  Drone x2  
  14  0:35  Drone  
  17  0:45  Spawning Pool  
  17  0:48  Drone  
  17  1:10  Hatchery  
  16  1:13  Drone  
  16  1:17  Drone  
  18  1:19  Drone  
  19  1:26  Extractor  
  19  1:31  Queen  
  20  1:37  Drone  
  21  1:45  Overlord  
  21  1:54  Zergling x2  
  22  2:04  Zergling x2  
  22  2:07  Queen  
  25  2:11  Zergling x2  
  26  2:25  Queen  
  26  2:27  Zergling x2  
  26  2:29  Metabolic Boost  
  29  2:31  Drone  
  29  2:33  Overlord  
  30  2:40  Drone x2  
  32  2:44  Drone  
  32  2:48  Drone  
  34  2:51  Drone  
  34  2:52  Drone  
  36  3:01  Queen  
  38  3:12  Pneumatized Carapace  
  38  3:17  Zergling x6  
  38  3:18  Zergling x2, Overlord  
  42  3:23  Zergling x2  
  42  3:24  Zergling x2  
  43  3:28  Zergling x2  
  44  3:35  Evolution Chamber  
  43  3:42  Overlord x2  
  43  3:44  Drone x2  
  45  3:49  Zergling x2  
  45  3:50  Zergling x4  
  48  3:57  Zergling x6  
  48  4:10  Zergling x6  
  48  4:13  Zergling x8  
  55  4:23  Zergling x2  
  56  4:24  Queen  
  56  4:30  Zergling x2  
  56  4:31  Zergling x2  
  60  4:34  Zergling x2  
  60  4:35  Zergling x4  
  61  4:45  Zergling x2  
  61  4:46  Zergling x2  
  59  4:58  Zergling x2  
  59  4:59  Zergling x2  
  53  5:05  Zergling x2  
  53  5:06  Zergling x2  
  47  5:12  Queen  
  36  5:14  Zergling x4  
  36  5:18  Roach Warren  
  36  5:19  Queen  
  39  5:31  Hatchery  
  39  5:33  Spine Crawler  
  39  5:34  Spine Crawler, Zergling x8  
  40  5:49  Zergling x2  
  40  5:52  Zergling x2  
  37  5:58  Zergling x8  
Show
View Real Time Build Order
Export as new Build Order

ByuN Terran - Winner!

Build Orders: Reaper Expand 

Get SALT Encoding   

  12  0:00  SCV  
  13  0:12  SCV  
  14  0:17  Supply Depot  
  14  0:24  SCV  
  15  0:38  SCV  
  15  0:39  Barracks  
  16  0:43  Refinery  
  16  0:50  SCV  
  17  1:02  SCV  
  18  1:15  SCV  
  19  1:26  Reaper  
  19  1:27  Orbital Command  
  20  1:42  Command Center  
  20  1:51  Barracks  
  20  1:55  SCV  
  20  2:00  Barracks Reactor  
  21  2:05  Supply Depot  
  21  2:08  SCV  
  22  2:17  Refinery  
  22  2:20  SCV  
  23  2:25  Factory  
  23  2:32  SCV  
  23  2:36  Marine x2  
  26  2:38  Barracks Tech Lab  
  27  2:44  SCV  
  27  2:56  SCV  
  27  2:58  Stimpack  
  28  3:00  Orbital Command  
  28  3:02  Marine x2  
  30  3:08  SCV  
  30  3:12  Factory Tech Lab  
  31  3:16  Marine  
  32  3:20  SCV  
  32  3:26  Marine x2  
  35  3:29  SCV  
  35  3:31  Siege Tank  
  35  3:32  SCV  
  40  3:35  Supply Depot  
  40  3:39  Marine  
  41  3:46  SCV x2  
  41  3:47  Marine  
  44  3:48  Starport  
  44  3:49  Marine  
  44  3:53  Supply Depot  
  45  3:57  Marine  
  45  3:59  SCV x2  
  45  4:02  Supply Depot  
  48  4:09  Siege Tank, Marine  
  51  4:11  Marine  
  51  4:16  SCV x2  
  55  4:17  Marine  
  56  4:24  Medivac  
  56  4:28  Refinery, SCV x2  
  56  4:30  Marine x2  
  62  4:35  Marine  
  62  4:36  Engineering Bay  
  63  4:39  Supply Depot  
  63  4:48  SCV x2, Marine x2  
  66  4:53  Marine  
  62  5:08  SCV, Marine  
  62  5:09  SCV  
  62  5:17  Supply Depot  
  62  5:18  Supply Depot  
  62  5:19  Supply Depot  
  62  5:27  Starport Reactor  
  62  5:39  Siege Tank, SCV x2, Marine x3  
  70  5:43  Supply Depot  
  70  5:46  Barracks  
  70  5:57  Marine x3  
  69  6:13  Barracks  
  69  6:14  Barracks  
Tags
 
Add a new tag
Caveats
  • Supply blocks, unpowered buildings, or Contaminate may cause inaccurate times.
  • Supply counts are checked every 10 seconds.